 Dungeon Crawl Stone Soup version 0.25-a0-420-g1cc7eeb0d1 (webtiles) character file.

Game seed: 4355844708797544891, levelgen mode: deterministic

191 Kohma the Chopper (level 5, -3/47 HPs)
             Began as a Hill Orc Abyssal Knight on Jan 19, 2020.
             Was a Believer of Lugonu.
             Slain by a river rat (8 damage)
             ... on level 3 of the Dungeon.
             The game lasted 00:08:46 (2773 turns).

Kohma the Chopper (Hill Orc Abyssal Knight)         Turns: 2773, Time: 00:08:47

Health: -3/47      AC:  8    Str: 16    XL:     5   Next: 70%
Magic:  8/8        EV: 10    Int: 14    God:    Lugonu [**....]
Gold:   126        SH:  0    Dex: 10    Spells: 4/4 levels left

rFire    . . .     SeeInvis .   a - +1 hand axe
rCold    . . .     Gourm    .   (no shield)
rNeg     . . .     Faith    .   j - +0 ring mail (curse)
rPois    .         Spirit   .   (no helmet)
rElec    .         Reflect  .   l - +1 cloak
rCorr    .         Harm     .   (no gloves)
MR       +....                  q - +0 pair of boots
Stlth    ..........             (no amulet)
HPRegen  0.15/turn              m - +2 ring of intelligence
MPRegen  0.11/turn              o - ring of protection from magic

@: very slow
A: no striking features
a: Depart the Abyss, Bend Space, Renounce Religion


You were on level 3 of the Dungeon.
You worshipped Lugonu.
Lugonu was pleased with you.
You were very hungry.

You visited 1 branch of the dungeon, and saw 3 of its levels.
You visited the Abyss 1 time.

You collected 126 gold pieces.

Inventory:

Hand Weapons
 a - a +1 hand axe (weapon)
 r - a +1 dagger of venom
Missiles
 p - 3 javelins (quivered)
Armour
 j - a cursed +0 ring mail (worn)
 l - a +1 cloak (worn)
 q - a +0 pair of boots (worn)
Jewellery
 m - a +2 ring of intelligence (left hand)
 o - a ring of protection from magic (right hand)
 u - a +1 ring of protection {unknown}
Scrolls
 b - a scroll of fear {unknown}
 f - a scroll of noise {unknown}
 g - 6 scrolls of teleportation {unknown}
 k - 3 scrolls of identify {unknown}
 s - 2 scrolls of remove curse {unknown}
 t - a scroll of random uselessness {unknown}
Potions
 d - a potion of ambrosia {unknown}
 e - 3 potions of lignification
 h - 3 potions of curing {unknown}
 i - 2 potions of might {unknown}
 v - a potion of brilliance {unknown}
Comestibles
 c - 9 rations
 n - 2 chunks of flesh


   Skills:
 + Level 4.7 Fighting
 * Level 5.5 Axes
 - Level 2.3 Armour
 - Level 1.0 Dodging
 + Level 4.2 Invocations


You had 4 spell levels left.
You didn't know any spells.
Your spell library was empty.

Dungeon Overview and Level Annotations

Branches:
Dungeon (3/15)

Altars:


Message History

The adder is heavily wounded.
You hit the river rat. The adder barely misses you. The river rat bites you.
* * * LOW HITPOINT WARNING * * *
You barely miss the adder.
The adder is heavily wounded.
You hit the river rat.
You kill the river rat!
Lugonu accepts your kill. The adder bites you but does no damage.
You hit the adder.
The adder is almost dead.
The adder closely misses you. The adder bites you.
* * * LOW HITPOINT WARNING * * *
Your unstable footing causes you to fumble your attack.
The adder bites you but does no damage.
You hit the adder.
You kill the adder!
Lugonu accepts your kill.
You hit the river rat but do no damage. The river rat bites you!
You die...

####..........#
..............###
........)#......# #######
.......>..####### #≈≈...#
##........# #≈≈≈..#
...#.#.#####≈#######≈#...#
####...#..#≈≈≈≈rS≈≈#≈≈≈..## ##
####..#..#########≈#≈#≈...##..
.......†###≈##≈≈@r≈#≈≈≈≈(.....
##......# #≈≈≈≈#≈#≈#≈#≈.......
#......# ######≈#≈#≈#†.....>.
##......###≈≈≈≈≈≈#≈≈≈#........
.........#############........
.......#...# ##...............
.........#####.....†..........
...............#.........$....
......#....##.##....#.<...##..


You could see a river rat.

Vanquished Creatures
  An orc wizard (D:3)
  4 river rats (D:3)
  4 adders
  2 worms
  2 dart slugs (D:1)
  2 leopard geckos
  4 orcs (D:3)
  8 bats
  3 giant cockroaches
  12 goblins
  6 hobgoblins
  10 jackals
  4 kobolds
  A quokka (D:2)
  4 frilled lizards
  A quokka skeleton (D:3)
  4 rats
72 creatures vanquished.

Notes
Turn   | Place    | Note
-------+----------+-------------------------------------------
     0 | Abyss:1  | Kohma the Hill Orc Abyssal Knight began the quest for the
                  | Orb.
     0 | Abyss:1  | Reached XP level 1. HP: 19/19 MP: 2/2
    23 | Abyss:1  | Found a stormy altar of Qazlal.
    33 | Abyss:1  | Noticed a thrashing horror
    35 | D:1      | Escaped the Abyss
   269 | D:1      | Reached * piety under Lugonu
   269 | D:1      | Reached skill level 1 in Dodging
   269 | D:1      | Reached XP level 2. HP: 14/27 MP: 3/3
   272 | D:1      | Reached skill level 3 in Axes
   879 | D:1      | Reached XP level 3. HP: 28/33 MP: 5/5
  1468 | D:2      | Reached skill level 4 in Axes
  1932 | D:2      | Reached XP level 4. HP: 38/40 MP: 6/6
  2003 | D:2      | Reached ** piety under Lugonu
  2461 | D:3      | Reached XP level 5. HP: 36/47 MP: 7/7
  2509 | D:3      | Reached skill level 5 in Axes
  2773 | D:3      | Slain by a river rat

Levels and vault maps discovered:
D:1:      minmay_arrival_checkered_box, layout_loops_ring, serial_aquarium,
          aquarium_bridge_straight [aquarium_subvault_bridge,
          aquarium_subvault_window, aquarium_subvault_bridge,
          aquarium_subvault_wall], aquarium_window_fake, aquarium_window_fake,
          aquarium_window_2, aquarium_view_2g, chequers_serial_rivers_small_b
D:2:      layout_rooms, grunt_decor_cap, kennysheep_minor_cross,
          guppyfry_early_lair_pool
D:3:      layout_rooms, lemuel_round_altar, lightli_sewer_entry_pipes,
          hangedman_decor_points, minmay_joined_circles

Skill      XL: |  1  2  3  4  5 |
---------------+----------------+-----
Dodging        | 1 |  1.0
Axes           | 3 4 5 |  5.5
Fighting       | 4 |  4.7
Invocations    | 3 4 |  4.2
Armour         | |  2.3

Action                   |  1- 3 |  4- 6 || total
-------------------------+-------+-------++-------
Melee: Hand axe          |   127 |   150 ||   277
Throw: Javelin           |       |     2 ||     2
Invok: Depart the Abyss  |     1 |       ||     1
  Use: Potion            |       |     1 ||     1
  Eat: Chunk             |     3 |     2 ||     5
Armor: Leather armour    |    27 |       ||    27
       Ring mail         |    34 |    68 ||   102
       Skin              |       |    20 ||    20
Dodge: Dodged            |   110 |    83 ||   193

Table legend:
 A = Non-vault XP
 B = Vault XP
 C = Vault XP percentage of total XP
 D = Non-vault monster count
 E = Vault monster count
 F = Vault count percentage of total count
                 A         B        C        D         E       F
            +---------+---------+-------+---------+---------+-------
      Total |     175 |      98 |  35.9 |      57 |      15 |  20.8
            +---------+---------+-------+---------+---------+-------
        D:1 |      41 |       0 |   0.0 |      21 |       0 |   0.0
        D:2 |      51 |       0 |   0.0 |      22 |       0 |   0.0
        D:3 |      83 |      98 |  54.1 |      14 |      15 |  51.7
            +---------+---------+-------+---------+---------+-------
